 Dungeon Crawl Stone Soup version 0.31-a0-175-g9f7f995f2b (webtiles) character file.

Game seed: 895401888108216247

1710 mopl the Martial Artist (level 9, -1/58 HPs)
             Began as a Djinni Transmuter on June 16, 2023.
             Was an Initiate of Cheibriados.
             Slain by a water moccasin (6 damage)
             ... on level 6 of the Dungeon.
             The game lasted 00:09:19 (5415 turns).

mopl the Martial Artist (Djinni Transmuter)         Turns: 5415, Time: 00:09:19

Health: -1/58      AC:  9    Str: 14    XL:     9   Next: 24%
Gold:   339        EV: 11    Int: 16    God:    Cheibriados [......] SH:  0 Dex: 15

rFire   + +          .
                       - Unarmed
rCold   x . .        (no shield)
rNeg    . . .        E - +3 ring mail
rPois   ∞            p - +0 helmet
rElec   .            (no cloak)
rCorr   +            (no gloves)
SInv    .            (boots unavailable)
Will    .....        (no amulet)
Stlth   +            k - ring of resist corrosion
HPRegen 0.29/turn    v - ring of wizardry
MPRegen 0.00/turn

%: wizardry (x1), infuse magic (-2 HP)
@: flying, very slow
A: sickness immunity, fire resistance 2, cold vulnerability 1, float, innate
caster, HP casting, extra vitality 1
a: Renounce Religion


You were on level 6 of the Dungeon.
You worshipped Cheibriados.
Cheibriados was noncommittal.
You visited 2 branches of the dungeon, and saw 7 of its levels.
You also visited: Sewer.

You collected 339 gold pieces.

Inventory:

Hand Weapons
 o - a +0 dagger of venom
Missiles
 b - 6 datura-tipped darts
 d - 2 throwing nets
 m - 31 poisoned darts
 n - 3 atropa-tipped darts
 x - a curare-tipped dart
Armour
 p - a +0 helmet (worn)
 E - a +3 ring mail (worn)
Jewellery
 k - a ring of resist corrosion (left hand)
 v - a ring of wizardry (right hand)
Wands
 u - a wand of iceblast (7)
Scrolls
 a - a scroll of amnesia {unknown}
 c - 2 scrolls of blinking {unknown}
 g - a scroll of revelation {unknown}
 j - 7 scrolls of identify {unknown}
 l - a scroll of enchant weapon {unknown}
 t - 3 scrolls of immolation {unknown}
 w - a scroll of noise {unknown}
 y - 2 scrolls of vulnerability {unknown}
 D - a scroll of teleportation {unknown}
Potions
 e - 5 potions of curing {unknown}
 f - 2 potions of attraction {unknown}
 h - a potion of brilliance {unknown}
 i - a potion of ambrosia {unknown}
 q - a potion of heal wounds {unknown}
 r - a potion of mutation {unknown}
 s - 2 potions of degeneration {unknown}
 z - a potion of magic {unknown}
 A - a potion of might {unknown}
 B - a potion of invisibility {unknown}
 C - 2 potions of haste {unknown}


   Skills:
 + Level 2.0 Fighting
 + Level 1.5 Armour
 + Level 3.0 Dodging
 * Level 9.5 Unarmed Combat
 + Level 4.5 Spellcasting
 + Level 4.5 Conjurations
 + Level 4.5 Hexes
 + Level 4.5 Summonings
 + Level 4.5 Necromancy
 + Level 4.5 Translocations
 + Level 4.5 Transmutations
 + Level 4.5 Fire Magic
 + Level 4.5 Ice Magic
 + Level 4.5 Air Magic
 + Level 4.5 Earth Magic
 + Level 4.5 Poison Magic
 + Level 1.0 Invocations


You knew the following spells:

 Your Spells              Type           Power      Damage    Failure   Level
a - Beastly Appendage     Tmut           36%        N/A       1%          1
b - Spider Form           Tmut/Pois      18%        N/A       6%          3
c - Sandblast             Erth           36%        2d10      1%          1
d - Ice Form              Ice/Tmut       18%        N/A       21%         4
e - Momentum Strike       Conj/Tloc      36%        3d9       3%          2
f - Vhi's Electric Charg  Tloc/Air       36%        N/A       6%          3
g - Animate Armour        Summ/Erth      36%        N/A       21%         4
w - Wereblood             Tmut           18%        N/A       3%          2
Your spell library was empty.

Dungeon Overview and Level Annotations

Branches:
Dungeon (6/15)             Temple (1/1) D:6           Sewer (visited)

Altars:
Ashenzari
Cheibriados
Dithmenos
Elyvilon
Fedhas
Hepliaklqana
Nemelex Xobeh
Okawaru
Qazlal
Ru
Trog
Uskayaw
Wu Jian
Xom
Yredelemnul
Zin
The Shining One

Annotations:
D:5 2 runed translucent doors, Anon1729's ghost, amateur MiMo


Innate Abilities, Weirdness & Mutations

You are immune to sickness and miasma.
You are immune to poison.
Your flesh is very heat resistant. (rF++)
You are vulnerable to cold. (rC-)
You float through the air rather than walking.
You learn spells naturally, not from books.
Your magical power is your life essence.
You have superior vitality. (+4 MHP)


Message History

The yak gores you!
You are too injured to fight recklessly!
You bite the yak!
You kill the yak!
Cheibriados thoroughly appreciates the change of pace.
Your Fighting skill increases to level 2!
Your Dodging skill increases to level 3!
Your Invocations skill increases to level 1!
You bite the water moccasin!
The water moccasin is moderately wounded.
The water moccasin barely misses you.
You bite the water moccasin!
The water moccasin is severely wounded.
The water moccasin bites you.
* * * LOW HITPOINT WARNING * * *
You barely miss the water moccasin.
The water moccasin is severely wounded.
The water moccasin misses you.
You barely miss the water moccasin.
The water moccasin is severely wounded.
The water moccasin barely misses you.
You closely miss the water moccasin.
The water moccasin is severely wounded.
The water moccasin completely misses you.
You barely miss the water moccasin.
The water moccasin is severely wounded.
Your transformation has ended.
Your +0 helmet unmelds from your body.
Your +3 ring mail unmelds from your body.
The water moccasin completely misses you.
You closely miss the water moccasin. Your punch misses the water moccasin.
The water moccasin is severely wounded.
The water moccasin bites you.
* * * LOW HITPOINT WARNING * * *
The water moccasin bites you.
* * * LOW HITPOINT WARNING * * *
You miss the water moccasin.
The water moccasin is severely wounded.
The water moccasin bites you.
You die...

#..#...##.# ......... ⌠..
###.###...#.##.....###.#####.###
....####...........#.....#?...$#
####........# ....#..8..#.....#.
.....###....###......888.ol.)ooF.
###### ##[.....# #.#.[8.F#.....#l
#......###.#.....#)...[#
#<.......#.###.#####.###
#......#@#.......# #..
########.S...###.# ..# ###..##
..# .#.. ##.# .#.. #. #.# .#..#
#.. .# #.# #### .. ... .. ..


You could see a water moccasin.

Vanquished Creatures
  Grinder (D:4)
  Eustachio (D:5)
  A yak (D:6)
  A water moccasin (D:6)
  An ogre (D:5)
  A black bear (D:3)
  2 kobold brigands (Sewer)
  2 phantoms
  A bullfrog (D:6)
  3 scorpions
  2 jellies
  Ijyb (D:5)
  2 iguanas
  An orc wizard (D:5)
  Robin (D:3)
  6 adders
  7 river rats
  A white imp (D:6)
  A worm (D:5)
  2 dart slugs
  6 orcs
  4 endoplasms
  A giant cockroach (D:1)
  18 goblins
  5 hobgoblins
  2 jackals (D:2)
  22 kobolds
  7 quokkas
  10 ball pythons
  4 bats
  4 frilled lizards
  27 rats
148 creatures vanquished.

Notes
Turn   | Place    | Note
-------+----------+-------------------------------------------
     0 | D:1      | mopl the Djinni Transmuter began the quest for the Orb.
     0 | D:1      | mopl set off with the following spells memorised: Beastly
                  | Appendage, Wereblood, Spider Form, Ice Form.
     0 | D:1      | Reached XP level 1. HP: 17/17 MP: 0/0
   365 | D:1      | Reached XP level 2. HP: 3/22 MP: 0/0
   895 | D:1      | Reached XP level 3. HP: 24/27 MP: 0/0
   895 | D:1      | Learned a level 1 spell: Sandblast
  1380 | D:2      | Reached skill level 4 in Unarmed Combat
  1545 | D:3      | Found a faded altar of an unknown god.
  1548 | D:3      | Noticed a black bear
  1555 | D:3      | Reached XP level 4. HP: 27/32 MP: 0/0
  1707 | D:3      | Killed a black bear
  1708 | D:3      | Reached skill level 5 in Unarmed Combat
  1708 | D:3      | Reached XP level 5. HP: 11/37 MP: 0/0
  1708 | D:3      | Learned a level 2 spell: Momentum Strike
  1892 | D:3      | Noticed Robin
  1915 | D:3      | Killed Robin
  1919 | D:3      | Reached skill level 3 in Spellcasting
  1919 | D:3      | Reached skill level 3 in Conjurations
  1919 | D:3      | Reached skill level 3 in Hexes
  1919 | D:3      | Reached skill level 3 in Summonings
  1919 | D:3      | Reached skill level 3 in Necromancy
  1919 | D:3      | Reached skill level 3 in Translocations
  1919 | D:3      | Reached skill level 3 in Transmutations
  1919 | D:3      | Reached skill level 3 in Fire Magic
  1919 | D:3      | Reached skill level 3 in Ice Magic
  1919 | D:3      | Reached skill level 3 in Air Magic
  1919 | D:3      | Reached skill level 3 in Earth Magic
  1919 | D:3      | Reached skill level 3 in Poison Magic
  2083 | D:3      | Found a blossoming altar of Fedhas.
  2120 | D:3      | Found a shimmering altar of Xom.
  2341 | D:4      | Noticed Grinder
  2341 | D:4      | Paralysed by Grinder for 5 turns
  2358 | D:4      | Killed Grinder
  2359 | D:4      | Reached skill level 6 in Unarmed Combat
  2359 | D:4      | Reached XP level 6. HP: 19/42 MP: 0/0
  2359 | D:4      | Reached XP level 7. HP: 21/47 MP: 0/0
  2359 | D:4      | Learned a level 3 spell: Vhi's Electric Charge
  2873 | D:4      | Reached skill level 7 in Unarmed Combat
  3326 | D:5      | Entered Level 5 of the Dungeon
  3330 | D:5      | Noticed Ijyb
  3345 | D:5      | Killed Ijyb
  3482 | D:5      | Found a large runed translucent door.
  3482 | D:5      | Found a large runed translucent door.
  3483 | D:5      | Noticed Anon1729's ghost (amateur MiMo)
  3546 | D:5      | Found a glowing drain.
  3580 | Sewer    | Entered a sewer
  3774 | Sewer    | Reached XP level 8. HP: 38/52 MP: 0/0
  3884 | Sewer    | Reached skill level 8 in Unarmed Combat
  3890 | Sewer    | Reached skill level 4 in Spellcasting
  3890 | Sewer    | Reached skill level 4 in Conjurations
  3890 | Sewer    | Reached skill level 4 in Hexes
  3890 | Sewer    | Reached skill level 4 in Summonings
  3890 | Sewer    | Reached skill level 4 in Necromancy
  3890 | Sewer    | Reached skill level 4 in Translocations
  3890 | Sewer    | Reached skill level 4 in Transmutations
  3890 | Sewer    | Reached skill level 4 in Fire Magic
  3890 | Sewer    | Reached skill level 4 in Ice Magic
  3890 | Sewer    | Reached skill level 4 in Air Magic
  3890 | Sewer    | Reached skill level 4 in Earth Magic
  3890 | Sewer    | Reached skill level 4 in Poison Magic
  4654 | D:5      | Noticed Eustachio
  4666 | D:5      | Killed Eustachio
  4760 | D:5      | Reached skill level 9 in Unarmed Combat
  5028 | D:6      | Reached XP level 9. HP: 47/57 MP: 0/0
  5028 | D:6      | Learned a level 4 spell: Animate Armour
  5047 | D:6      | Found a staircase to the Ecumenical Temple.
  5056 | Temple   | Entered the Ecumenical Temple
  5056 | Temple   | Found a transporter.
  5056 | Temple   | Found a transporter.
  5058 | Temple   | Found a transporter.
  5058 | Temple   | Found a transporter.
  5098 | Temple   | Became a worshipper of Cheibriados the Contemplative
  5392 | D:6      | Reached skill level 1 in Armour
  5408 | D:6      | Reached skill level 2 in Fighting
  5408 | D:6      | Reached skill level 3 in Dodging
  5408 | D:6      | Reached skill level 1 in Invocations
  5415 | D:6      | Slain by a water moccasin

Illustrated notes

Levels and vault maps discovered:
D:1:      wander_arrival_peaceful_grave, layout_loops_corners,
          minmay_tetromino_s4
D:2:      layout_rooms
D:3:      layout_basic, mainiacjoe_overflow_two_lobes,
          hellmonk_ecumenical_altar_crossroads, uniq_robin
D:4:      layout_basic, uniq_grinder
D:5:      layout_basic, portal_sewer_entry_b, ebering_ghost_disaster_area,
          uniq_eustachio, uniq_ijyb
D:6:      layout_rooms, minmay_temple_entry_grid, minmay_chambers_of_fives,
          uniq_sigmund
Temple:   hellmonk_temple_divided_pantheon

Skill      XL: |  1  2  3  4  5  6  7  8  9 |
---------------+----------------------------+-----
Unarmed Combat | 4 5 6 7 9 |  9.5
Spellcasting   | 3 4 |  4.5
Conjurations   | 3 4 |  4.5
Hexes          | 3 4 |  4.5
Summonings     | 3 4 |  4.5
Necromancy     | 3 4 |  4.5
Translocations | 3 4 |  4.5
Transmutations | 3 4 |  4.5
Fire Magic     | 3 4 |  4.5
Ice Magic      | 3 4 |  4.5
Air Magic      | 3 4 |  4.5
Earth Magic    | 3 4 |  4.5
Poison Magic   | 3 4 |  4.5
Armour         | 1 |  1.5
Fighting       | 2 |  2.0
Dodging        | 3 |  3.0
Invocations    | 1 |  1.0

Action                     |  1- 3 |  4- 6 |  7- 9 || total
---------------------------+-------+-------+-------++-------
  Melee: Unarmed           |   106 |    94 |   294 ||   494
         Headbutt          |    11 |     5 |    11 ||    27
         Punch             |       |     2 |     3 ||     5
   Cast: Beastly Appendage |    20 |     4 |    11 ||    35
         Wereblood         |     1 |     1 |     1 ||     3
         Spider Form       |       |     2 |    13 ||    15
    Use: Potion            |       |     1 |       ||     1
   Stab: Sleeping          |       |       |     2 ||     2
 Armour: Robe              |    20 |    16 |    20 ||    56
         Skin              |       |     7 |     8 ||    15
         Ring mail         |       |       |     3 ||     3
  Dodge: Dodged            |    73 |    45 |   196 ||   314

Table legend: (Time is in decaauts)
 A = Elapsed time spent in this place.
 B = Non-inter-level travel time spent in this place.
 C = Inter-level travel time spent in this place.
 D = Time resting spent in this place.
 E = Time spent auto-exploring this place.
 F = Levels seen in this place.
 G = Mean time per level.
                   A        B        C        D        E       F      G
               +--------+--------+--------+--------+--------+-----+--------+
         Total |   5428 |   5010 |    418 |    786 |   2928 |   8 |  678.5 |
       Dungeon |   4553 |   4145 |    408 |    459 |   2739 |   6 |  758.8 |
        Temple |     63 |     53 |     10 |      0 |      0 |   1 |   63.0 |
         Sewer |    811 |    811 |      0 |    327 |    189 |   1 |  811.0 |
               +--------+--------+--------+--------+--------+-----+--------+

Top non-repeatable levels by time:
     D:5: 1033 daAuts
     D:1: 1018 daAuts
     D:4: 992 daAuts
   Sewer: 811 daAuts
     D:3: 674 daAuts
     D:2: 620 daAuts
     D:6: 213 daAuts
  Temple: 63 daAuts
